 Dungeon Crawl Stone Soup version 0.28-a0-803-g74956062c1 (webtiles) character file.

Game seed: 14782689797606024665

160 Conn the Firebug (level 5, 0/32 HPs)
             Began as an Octopode Fire Elementalist on Nov 7, 2021.
             Succumbed to Crazy Yiuf's poison
             ... on level 3 of the Dungeon.
             The game lasted 00:06:48 (3981 turns).

Conn the Firebug (Octopode Fire Elementalist)       Turns: 3981, Time: 00:06:49

Health: 0/32       AC:  1    Str:  8    XL:     5   Next: 41%
Magic:  6/9        EV: 13    Int: 18    God:
Gold:   79         SH:  0    Dex: 12    Spells: 3/10 levels left

rFire   . . .      SeeInvis .   j - +0 dagger (venom)
rCold   . . .      Faith    .   (no shield)
rNeg    . . .      Spirit   .   (helmet restricted)
rPois   .          Reflect  .   (no amulet)
rElec   .          Harm     .   (no ring)
rCorr   .          Rampage  .   (no ring)
Will    .....                   (no ring)
Stlth   +++.......              (no ring)
HPRegen 0.10/turn               (no ring)
MPRegen 0.11/turn               (no ring)
                                (no ring)
                                (no ring)

@: lethally poisoned (0 -> -15)
A: almost no armour, amphibious, 8 rings, camouflage 1, gelatinous body 1,
(nimble swimmer 1), tentacles
a: no special abilities


You were on level 3 of the Dungeon.
You visited 1 branch of the dungeon, and saw 3 of its levels.

You collected 79 gold pieces.

Inventory:

Hand Weapons
 a - a +0 short sword
 j - a +0 dagger of venom (weapon)
Missiles
 g - 16 poisoned darts
Wands
 l - a wand of polymorph (6)
Scrolls
 b - 2 scrolls of magic mapping {unknown}
 c - a scroll of immolation {unknown}
 d - a scroll of noise {unknown}
 e - 2 scrolls of identify {unknown}
 h - a scroll of teleportation {unknown}
 i - a scroll of fog {unknown}
Potions
 f - a potion of haste {unknown}
 k - a potion of flight {unknown}
 m - 2 potions of lignification {unknown}


   Skills:
 + Level 0.3 Fighting
 + Level 1.4 Short Blades
 + Level 2.3 Dodging
 + Level 3.6 Stealth
 + Level 3.0 Spellcasting
 + Level 1.9 Conjurations
 + Level 4.0 Fire Magic


You had 3 spell levels left.
You knew the following spells:

 Your Spells              Type           Power      Damage    Failure   Level
a - Foxfire               Conj/Fire      52%        2x1d6     4%          1
b - Conjure Flame         Conj/Fire      13%        6-21      14%         3
c - Inner Flame           Hex/Fire       9%         N/A       22%         3

Your spell library contained the following spells:

 Spells                   Type           Power      Damage    Failure   Level
 Scorch                   Fire           34%        2d7       4%          2
 Flame Wave               Conj/Fire      13%        3d5       43%         4


Dungeon Overview and Level Annotations

Branches:
Dungeon (3/15)

Altars:
Okawaru

Annotations:
D:3 Crazy Yiuf


Innate Abilities, Weirdness & Mutations

You cannot wear most types of armour.
You are amphibious.
You can wear up to eight rings at the same time.
Your skin changes colour to match your surroundings (Stealth+).
Your rubbery body absorbs attacks. (AC +1, EV +1)
((You are camouflaged near water. (Stealth+)))
You have tentacles for arms and can constrict up to eight enemies at once.


Message History

There is an iron altar of Okawaru here.
You open the door.
Casting: Foxfire (safe; 4% risk of failure)
Confirm with . or Enter, or press ? or * to list all spells.
The spell is quite dangerous to cast (22% risk of failure)!
Continue anyway?
Aiming: Inner Flame (quite dangerous; 22% risk of failure)
Press: ? - help, Dir - move target, f - Crazy Yiuf
Aim: Crazy Yiuf, wielding a +3 quarterstaff of chaos and wearing a +0 cloak (chance to affect: 65%) Crazy Yiuf struggles to resist.
Crazy Yiuf cries, "Announcement light wrapper!"
Crazy Yiuf barely misses you.
Casting: Inner Flame (quite dangerous; 22% risk of failure)
Confirm with . or Enter, or press ? or * to list all spells.
Okay, then.
Unknown command.
Unknown command.
You hit Crazy Yiuf but do no damage.
Crazy Yiuf is poisoned.
Your grab misses Crazy Yiuf. Crazy Yiuf closely misses you.
Crazy Yiuf whimpers, "Gnoll broken snockshim!"
Crazy Yiuf says, "Pitchfork sing-song cloud!"
Crazy Yiuf grits, "Key green eyeball!"
Crazy Yiuf says, "East!"
Casting: Inner Flame (quite dangerous; 22% risk of failure)
Confirm with . or Enter, or press ? or * to list all spells.
You conjure some foxfire!
Crazy Yiuf hits you with a +3 quarterstaff of chaos!
You resist with some effort.
Unknown command.
You hit Crazy Yiuf but do no damage. You grab Crazy Yiuf.
Crazy Yiuf is heavily wounded.
You constrict Crazy Yiuf.
The foxfire hits Crazy Yiuf.
Crazy Yiuf is almost dead.
The foxfire hits Crazy Yiuf but does no damage.
Crazy Yiuf is almost dead.
Crazy Yiuf hits you with a +3 quarterstaff of chaos!!
Ouch! That really hurt!
* * * LOW HITPOINT WARNING * * *
You are lethally poisoned!
You release your grip on Crazy Yiuf.
You die...

#.## #..#
#.####. ##.#
#.## #...##.
#.## ####.#
###.##. ##.##
#....######....
#...##
#..............
#....#
#....#########.
#....# #..###
#. #...g####..#
#. ##....@....#
## ##.ยง.######
#####


You could see Crazy Yiuf (poisoned).

Vanquished Creatures
  An orc priest (D:3)
  Ijyb (D:3)
  An adder (D:3)
  A worm (D:2)
  3 dart slugs
  8 orcs (D:3)
  5 ball pythons
  10 endoplasms
  4 giant cockroaches
  5 goblins
  11 hobgoblins
  2 jackals (D:1)
  4 quokkas
  3 bats
  A frilled lizard (D:2)
  6 kobolds
  6 rats
72 creatures vanquished.

Vanquished Creatures (others)
  169 foxfires
169 creatures vanquished.

Grand Total: 241 creatures vanquished

Notes
Turn   | Place    | Note
-------+----------+-------------------------------------------
     0 | D:1      | Conn the Octopode Fire Elementalist began the quest for the
                  | Orb.
     0 | D:1      | Reached XP level 1. HP: 11/11 MP: 3/3
   590 | D:1      | Reached XP level 2. HP: 17/17 MP: 1/5
   984 | D:1      | Reached XP level 3. HP: 9/21 MP: 1/6
  2605 | D:2      | Reached XP level 4. HP: 26/27 MP: 7/7
  3017 | D:3      | Reached skill level 1 in Short Blades
  3154 | D:3      | Reached XP level 5. HP: 32/32 MP: 3/9
  3476 | D:3      | Noticed Ijyb
  3484 | D:3      | Killed Ijyb
  3485 | D:3      | Reached skill level 4 in Fire Magic
  3619 | D:3      | Found an iron altar of Okawaru.
  3768 | D:3      | Found a runed translucent door.
  3769 | D:3      | Noticed Crazy Yiuf
  3775 | D:3      | Learned a level 3 spell: Conjure Flame
  3779 | D:3      | Learned a level 3 spell: Inner Flame
  3981 | D:3      | Succumbed to Crazy Yiuf's poison

Illustrated notes

Levels and vault maps discovered:
D:1:      amcnicky_arrival_single_pillar, layout_basic,
          minmay_misc_feat_secret_circle
D:2:      layout_loops_ring, grunt_decor_cap
D:3:      layout_rooms, mainiacjoe_overflow_paths, uniq_ijyb,
          uniq_crazy_yiuf_cottage

Skill      XL: |  1  2  3  4  5 |
---------------+----------------+-----
Stealth        | 3 |  3.6
Short Blades   | 1 |  1.4
Spellcasting   | 3 |  3.0
Fire Magic     | 4 |  4.0
Fighting       | |  0.3
Dodging        | |  2.3
Conjurations   | |  1.9

Action                   |  1- 3 |  4- 6 || total
-------------------------+-------+-------++-------
Melee: Short sword       |    48 |       ||    48
       Constrict         |    14 |     6 ||    20
       Tentacles         |    14 |     1 ||    15
       Unarmed           |     2 |       ||     2
       Dagger            |     3 |    22 ||    25
 Cast: Foxfire           |    50 |    44 ||    94
       Inner Flame       |       |     1 ||     1
  Use: Potion            |       |     1 ||     1
 Stab: Sleeping          |     3 |     5 ||     8
Armor: Skin              |     2 |     2 ||     4
Dodge: Dodged            |    36 |    18 ||    54

Table legend: (Time is in decaauts)
 A = Elapsed time spent in this place.
 B = Non-inter-level travel time spent in this place.
 C = Inter-level travel time spent in this place.
 D = Time resting spent in this place.
 E = Time spent auto-exploring this place.
 F = Levels seen in this place.
 G = Mean time per level.
                   A        B        C        D        E       F      G
               +--------+--------+--------+--------+--------+-----+--------+
         Total |   3984 |   3963 |     21 |    106 |   3074 |   3 | 1328.0 |
       Dungeon |   3984 |   3963 |     21 |    106 |   3074 |   3 | 1328.0 |
               +--------+--------+--------+--------+--------+-----+--------+

Top non-repeatable levels by time:
     D:1: 1846 daAuts
     D:2: 1245 daAuts
     D:3: 892 daAuts
